 Dungeon Crawl Stone Soup version 0.16-a0-4020-g6ff35b5 (webtiles) character file.

389 dysrexia the Slasher (level 6, -15/55 HPs)
             Began as a Deep Dwarf Fighter on Feb 18, 2015.
             Demolished by an ogre
             ... wielding a +0 giant spiked club
              (21 damage)
             ... on level 4 of the Dungeon.
             The game lasted 00:16:00 (2752 turns).

dysrexia the Slasher (Deep Dwarf Fighter)           Turns: 2752, Time: 00:16:00

Health: -15/55     AC:  6    Str: 21    XL:     6   Next: 50%
Magic:  6/6        EV:  7    Int:  9    God:
Gold:   125        SH:  9    Dex: 12    Spells: 0 memorised, 5 levels left

rFire  . . .     SeeInvis .     a - +1 long sword
rCold  . . .     Clarity  +     b - +0 scale mail
rNeg   . . .     SustAb   .     c - +0 shield
rPois  .         Gourm    .     (no helmet)
rElec  .         Spirit   .     (no cloak)
rCorr  .         Warding  .     (no gloves)
rMut   .         Stasis   .     (no boots)
MR     .....                    q - amulet of clarity
Stlth  ..........               (no ring)
                                (no ring)

@: non-regenerating, not resistant to hostile enchantments, extremely unstealthy
A: damage resistance, recharge devices, sense surroundings 1, slow healing 3
a: Device Recharging


You were on level 4 of the Dungeon.
You were not hungry.

You visited 1 branch of the dungeon, and saw 5 of its levels.

You collected 125 gold pieces.

Inventory:

Hand weapons
 a - a +1 long sword (weapon)
 m - a +0 blowgun
Missiles
 i - 23 stones (quivered)
 o - 25 poisoned needles
Armour
 b - a +0 scale mail (worn)
 c - a +0 shield (worn)
Jewellery
 j - an uncursed ring of ice
 p - an uncursed ring of ice
 q - an amulet of clarity (around neck)
Magical devices
 d - a wand of heal wounds (2)
 e - a wand of magic darts (4)
 r - a wand of fireball (0)
 v - a wand of frost (33)
Scrolls
 g - 2 scrolls of identify
Potions
 l - 2 potions of invisibility
 s - a potion of cancellation
 t - a potion of curing
 w - a potion of resistance
 x - a potion of heal wounds
Comestibles
 f - 3 bread rations
 h - 6 fruits
 k - 3 slices of pizza
 n - a beef jerky
 u - a meat ration
 z - 3 chunks of flesh


   Skills:
 - Level 2.6 Fighting
 + Level 7.0 Long Blades
 - Level 3.2 Armour
 - Level 3.2 Shields


You had 5 spell levels left.
You didn't know any spells.

Dungeon Overview and Level Annotations

Branches:
Dungeon (5/15)
 Temple: D:4-7

Altars:


Innate Abilities, Weirdness & Mutations

You are resistant to damage.
You can recharge devices by infusing magical energy.
You passively map a small area around you.
You do not heal naturally.


Message History

The crimson imp shouts!
The ogre shouts!
Found 13 gold pieces.
Found a stone staircase leading up.
There is a stone staircase leading up here.
The ogre hits you with a giant spiked club!!
* * * LOW HITPOINT WARNING * * *
The crimson imp blinks!
You hear a blaring wail to the north.
You hear a shout!
You climb upwards.
There is a stone staircase leading down here.
Unknown command.
You hit the ogre.
The ogre is lightly wounded.
You hit the ogre.
The ogre is moderately wounded.
The ogre hits you with a giant spiked club!
* * * LOW HITPOINT WARNING * * *
You slash the ogre!
The ogre is severely wounded.
The ogre hits you with a giant spiked club!!
You die...

#####........# #..#.# ##.#### #
##.####### #).((# #.# # #.#
####(# #.# # #.# #.# #.# # ##'##
#.# #.# # ##...## #.# #####.####
# ##.....## ### #.# #.........
###.......## ##.###.# #.###.#.#.
##..)......####.@.##.###.###.....
.'.....<...'.[.(O..(.(...........
##.........####...##..##.........
###.......## #..........#####.##
# ##.....## #..###..##.# #.#
##...## #..#....##.# #.# ##+##
#..)....##.# #.# #. ##.........#
#.# #. ###)####### #.##


You could see an ogre.

Vanquished Creatures
  Sigmund (D:4)
  The ghost of herpmino the Chopper, a weakling FoGl (D:4)
  2 giant frog skeletons (D:4)
  2 worker ants (D:4)
  Robin (D:4)
  5 adders
  A giant mite (D:2)
  2 worms
  2 giant geckos (D:2)
  An ooze (D:3)
  2 orcs
  19 goblins
  16 hobgoblins
  9 kobolds
  3 ball pythons
  8 bats
  3 giant newts
  9 jackals
  6 rats
93 creatures vanquished.

Notes
Turn   | Place    | Note
--------------------------------------------------------------
     0 | D:1      | dysrexia, the Deep Dwarf Fighter, began the quest for the Orb.
     0 | D:1      | Reached XP level 1. HP: 20/20 MP: 1/1
   139 | D:1      | Reached XP level 2. HP: 27/27 MP: 2/2
   710 | D:2      | Reached XP level 3. HP: 29/33 MP: 3/3
  1000 | D:2      | Reached skill level 4 in Long Blades
  1060 | D:2      | Reached XP level 4. HP: 26/40 MP: 4/4
  1581 | D:3      | Reached skill level 5 in Long Blades
  1805 | D:4      | Noticed Robin
  1807 | D:4      | Noticed herpmino's ghost (weakling FoGl)
  1817 | D:4      | Reached XP level 5. HP: 41/46 MP: 5/5
  1853 | D:4      | Killed herpmino's ghost
  1856 | D:4      | Killed Robin
  1955 | D:4      | Reached skill level 6 in Long Blades
  2137 | D:4      | Noticed Sigmund
  2185 | D:4      | Killed Sigmund
  2185 | D:4      | Reached XP level 6. HP: 38/55 MP: 6/6
  2674 | D:4      | Reached skill level 7 in Long Blades
  2747 | D:5      | Entered Level 5 of the Dungeon
  2752 | D:4      | Demolished by an ogre

Action                   |  1- 3 |  4- 6 || total
-------------------------+-------+-------++-------
Melee: Long sword        |   135 |   228 ||   363
 Fire: Blowgun           |       |     3 ||     3
Throw: Stone             |     5 |     5 ||    10
Evoke: Wand              |       |     4 ||     4
  Use: Scroll            |     2 |     6 ||     8
       Potion            |       |     1 ||     1
  Eat: Chunk             |     1 |     6 ||     7
